 Dungeon Crawl Stone Soup version 0.28.0-53-g5a82cb258f (webtiles) character file.

Game seed: 3400647317065148043

1372 Zeld the Fighter (level 8, -1/111 HPs)
             Began as a Minotaur Berserker on May 22, 2022.
             Was a Believer of Trog.
             Slain by a gnoll sergeant zombie
             ... wielding a +2 spear of venom
              (7 damage)
             ... on level 6 of the Dungeon.
             The game lasted 00:04:23 (7836 turns).

Zeld the Fighter (Minotaur Berserker)               Turns: 7836, Time: 00:04:23

Health: -1/111     AC:  5    Str: 24    XL:     8   Next: 38%
Magic:  7/7        EV: 13    Int:  4    God:    Trog [**....]
Gold:   170        SH:  0    Dex: 10    Spells: 7/7 levels left

rFire   . . .      SeeInvis .   a - +0 war axe
rCold   . . .      Faith    .   (no shield)
rNeg    . . .      Spirit   .   b - +0 animal skin
rPois   .          Reflect  .   (helmet restricted)
rElec   .          Harm     .   n - +0 cloak
rCorr   .          Rampage  .   (no gloves)
Will    .....                   o - +0 pair of boots
Stlth   ..........              q - amulet of regeneration
HPRegen 1.08/turn               (no ring)
MPRegen 0.10/turn               (no ring)

@: berserking (expiring), lethally poisoned (-1 -> -23), very quick
A: horns 2, retaliatory headbutt
a: Renounce Religion, Berserk, Trog's Hand


You were on level 6 of the Dungeon.
You worshipped Trog.
Trog was pleased with you.
You visited 2 branches of the dungeon, and saw 8 of its levels.

You collected 248 gold pieces.
You spent 78 gold pieces at shops.

Inventory:

Hand Weapons
 a - a +0 war axe (weapon)
Armour
 b - a +0 animal skin (worn)
 n - a +0 cloak (worn)
 o - a +0 pair of boots (worn)
Jewellery
 q - an amulet of regeneration (around neck)
Wands
 r - a wand of flame (20)
Scrolls
 d - 4 scrolls of teleportation
 f - a scroll of summoning
 h - a scroll of identify
 p - a scroll of blinking
Potions
 c - 3 potions of curing {unknown}
 e - a potion of attraction {unknown}
 g - 3 potions of haste {unknown}
 i - a potion of invisibility {unknown}
 j - a potion of mutation {unknown}
 k - a potion of flight {unknown}
 l - 4 potions of resistance
 m - 2 potions of degeneration {unknown}


   Skills:
 * Level 8.0 Fighting
 * Level 8.0 Axes
 + Level 5.5 Armour
 + Level 5.0 Dodging


You had 7 spell levels left.
You didn't know any spells.
Your spell library was empty.

Dungeon Overview and Level Annotations

Branches:
Dungeon (7/15)             Temple (1/1) D:5

Altars:
Ashenzari
Cheibriados
Dithmenos
Elyvilon
Fedhas
Gozag
Hepliaklqana
Kikubaaqudgha
Makhleb
Nemelex Xobeh
Okawaru
Qazlal
Ru
Sif Muna
Trog
Uskayaw
Vehumet
Wu Jian
Yredelemnul
Zin
The Shining One

Shops:
D:3 ?:([

Annotations:
D:6 1 transporter


Innate Abilities, Weirdness & Mutations

You have a pair of horns on your head.
You reflexively headbutt those who attack you in melee.


Message History

You feel extremely sick.
The gnoll sergeant zombie hits you from afar with a +2 spear of venom.
You are more poisoned.
The gnoll sergeant zombie closely misses you.
You hit the orc warrior zombie. You headbutt the orc warrior zombie!
You destroy the orc warrior zombie!
Trog accepts your kill.
* * * LOW HITPOINT WARNING * * *
You feel extremely sick.
Your Dodging skill increases to level 5!
Unknown command.
* * * LOW HITPOINT WARNING * * *
You feel very sick.
The gnoll sergeant zombie hits you with a +2 spear of venom.
* * * LOW HITPOINT WARNING * * *
You are lethally poisoned!
The gnoll sergeant zombie misses you.
You see here a +2 war axe of venom.
You hit the gnoll sergeant zombie.
The gnoll sergeant zombie is lightly damaged.
You slash the gnoll sergeant zombie!
* * * LOW HITPOINT WARNING * * *
You feel extremely sick.
Unknown command.
You hit the gnoll sergeant zombie.
The gnoll sergeant zombie is moderately damaged.
You barely miss the gnoll sergeant zombie.
* * * LOW HITPOINT WARNING * * *
You feel extremely sick.
The gnoll sergeant zombie hits you with a +2 spear of venom.
* * * LOW HITPOINT WARNING * * *
You are more poisoned.
The gnoll sergeant zombie barely misses you.
You slice the gnoll sergeant zombie!!
The gnoll sergeant zombie is almost destroyed.
You slash the gnoll sergeant zombie!
* * * LOW HITPOINT WARNING * * *
You feel very sick.
The gnoll sergeant zombie hits you with a +2 spear of venom!
You die...

#.......#.....................#
###......##............##......#
.........##............#########
#........#########...>...#
#........#☼°○☼.#########.##
#........#°☼☼○°#°○○.°○##..#
##.......#☼°○°.#°°.☼°.#...#
##.......#($.°○Z.#.#○○#..[#
#.......©#©?.○○○@..©°°#©..#
'.[......#?$.○°Z.#.#°☼#..##
##.......#°○°○○#°○.○°.####
##.....).#°°○○°#○○☼.☼°#
.........#○°☼○.########
.........#######.#
.........##......#
###......##......#
###+#######......#


You could see 2 gnoll sergeant zombies.

Vanquished Creatures
  A steam dragon (D:6)
  A water moccasin (D:6)
  An ice beast (D:5)
  A sky beast (D:5)
  A centaur (D:7)
  A phantom (D:6)
  2 scorpions (D:5)
  3 howler monkeys
  5 hounds
  2 bullfrog zombies
  A jelly (D:5)
  4 orc wizards (D:6)
  4 iguanas
  A hound skeleton (D:5)
  3 adders
  An orc zombie (D:6)
  A white imp (D:5)
  An adder skeleton (D:5)
  A worm (D:2)
  3 dart slugs
  5 orcs
  6 ball pythons
  4 endoplasms
  2 giant cockroaches (D:4)
  2 goblins
  5 hobgoblins (D:1)
  3 jackals (D:1)
  4 quokkas
  4 bats
  4 frilled lizards
  A jackal skeleton (D:4)
  6 kobolds
  A rat (D:3)
85 creatures vanquished.

Notes
Turn   | Place    | Note
-------+----------+-------------------------------------------
     0 | D:1      | Zeld the Minotaur Berserker began the quest for the Orb.
     0 | D:1      | Reached XP level 1. HP: 19/19 MP: 0/0
   285 | D:1      | Reached XP level 2. HP: 27/27 MP: 1/1
   531 | D:1      | Found a faded altar of an unknown god.
  1191 | D:2      | Reached XP level 3. HP: 33/33 MP: 2/2
  2278 | D:3      | Found Inno's Antique Armour Emporium.
  2390 | D:3      | Found a blossoming altar of Fedhas.
  2486 | D:3      | Reached XP level 4. HP: 31/41 MP: 3/3
  2535 | D:3      | Reached ** piety under Trog
  2653 | D:3      | Found Zomue's Weapon Shop.
  2738 | D:3      | Found Xakixaed's Magic Scroll Shoppe.
  2748 | D:3      | Bought a scroll of identify for 26 gold pieces
  2748 | D:3      | Bought a scroll of identify for 26 gold pieces
  2748 | D:3      | Bought a scroll of identify for 26 gold pieces
  2766 | D:3      | Found Fadwan's Book Emporium.
  3450 | D:4      | Reached skill level 5 in Fighting
  3450 | D:4      | Reached skill level 5 in Axes
  3450 | D:4      | Reached XP level 5. HP: 47/48 MP: 4/4
  4017 | D:5      | Entered Level 5 of the Dungeon
  4062 | D:5      | Reached XP level 6. HP: 42/56 MP: 5/5
  4159 | D:5      | Identified the amulet "Qiestroe" {Faith Drain +Inv rPois}
  4537 | D:5      | Noticed a sky beast
  4559 | D:5      | Killed a sky beast
  4561 | D:5      | Found a staircase to the Ecumenical Temple.
  4563 | D:5      | Reached XP level 7. HP: 20/63 MP: 6/6
  4675 | Temple   | Entered the Ecumenical Temple
  5803 | D:6      | Found a transporter.
  5811 | D:6      | Noticed a steam dragon
  6314 | D:6      | Killed a steam dragon
  6315 | D:6      | Reached skill level 5 in Armour
  6324 | D:6      | Reached XP level 8. HP: 12/73 MP: 7/7
  7385 | D:6      | Found a transporter.
  7833 | D:6      | Reached skill level 5 in Dodging
  7836 | D:6      | Slain by a gnoll sergeant zombie

Illustrated notes

Levels and vault maps discovered:
D:1:      dpeg_arrival_connections, layout_loops_ring,
          ebering_ecumenical_altar_rust, corexii_hall_statues_deadend
D:2:      layout_basic
D:3:      layout_basic, fedhas_altar_4, serial_shops,
          nicolae_shop_advertising_works [nicolae_subvault_shop_adworks],
          nicolae_diamond_shop, shop, nicolae_square_shop
D:4:      layout_loops_ring
D:5:      nicolae_cairo_tiling, layout_loops_ring,
          minmay_temple_entry_mini_moons
D:6:      gammafunk_cloud_chamber, layout_gridville, serial_glass,
          glass_columns_b, glass_columns_c, guppyfry_shop_venom
D:7:      layout_basic
Temple:   regret_index_temple_chain_breaker

Skill      XL: |  1  2  3  4  5  6  7  8 |
---------------+-------------------------+-----
Fighting       | 4 5 6 7 8 |  8.0
Axes           | 4 5 6 7 8 |  8.0
Armour         | 3 4 5 |  5.5
Dodging        | 3 4 5 |  5.0

Action                   |  1- 3 |  4- 6 |  7- 9 || total
-------------------------+-------+-------+-------++-------
Melee: Hand axe          |    80 |    19 |       ||    99
       Headbutt          |     9 |    14 |    17 ||    40
       War axe           |       |    61 |    66 ||   127
Invok: Berserk           |       |     1 |     2 ||     3
       Trog's Hand       |       |       |     1 ||     1
  Use: Scroll            |       |     3 |     2 ||     5
 Stab: Sleeping          |     3 |       |       ||     3
       Distracted        |       |     1 |       ||     1
Armor: Animal skin       |    20 |    14 |     5 ||    39
Dodge: Dodged            |    70 |    64 |    45 ||   179
